Description

--

Replay - PvZ push

Build Order

Get SALT Encoding   

  12  0:01  Probe  
  13  0:13  Probe  
  14  0:17  Pylon  
  14  0:25  Probe  
  15  0:39  Probe (Chrono Boost), Gateway  
  16  0:46  Assimilator  
  17  0:53  Probe x2 (Chrono Boost)  
  18  1:04  Probe  
  19  1:16  Probe  
  20  1:27  Nexus  
  20  1:37  Cybernetics Core  
  20  1:43  Probe (Chrono Boost)  
  21  1:47  Assimilator  
  22  1:55  Probe (Chrono Boost)  
  22  1:56  Pylon  
  23  2:15  Stalker  
  26  2:16  Warp Gate  
  27  2:32  Stargate  
  29  2:45  Adept  
  35  3:03  Gateway  
  37  3:13  Oracle (Chrono Boost)  
  40  3:24  Pylon  
  42  3:31  Adept  
  46  3:40  Oracle (Chrono Boost)  
  46  3:44  Pylon  
  50  3:59  Assimilator x2  
  56  4:28  Robotics Facility  
  55  4:42  Pylon  
  57  4:48  Nexus  
  57  5:05  Gateway x3  
  54  5:11  Gateway x3  
  54  5:16  Warp Prism (Chrono Boost)  
  54  5:19  Sentry x2  
  60  5:44  Stalker x2  
  64  6:12  Stalker x7  
Spawning Tool Build Advisor. Get it on Overwolf

Go to:

Details

  • Created by: Michauter
  • Published on: Dec 21, 2017
  • Modified on: Dec 21, 2017
  • Patch: 4.0.0
Show
View Real Time Build Order
Export as new Build Order

Comments (0)

There are no comments. Be the first!

Create an account to comment!